 Dungeon Crawl Stone Soup version 0.22-a0-422-g9628fc8 (webtiles) character file.

25 4thArraOfDagon the Firebug (level 2, -2/20 HPs)
             Began as a Centaur Fire Elementalist on May 16, 2018.
             Slain by an orc
             ... wielding a +0 trident
              (12 damage)
             ... on level 4 of the Dungeon.
             The game lasted 00:02:15 (422 turns).

4thArraOfDagon the Firebug (CeFE)                    Turns: 422, Time: 00:02:16

Health: -2/20      AC:  4    Str:  6    XL:     2   Next: 86%
Magic:  1/4        EV:  9    Int: 14    God:
Gold:   48         SH:  0    Dex:  9    Spells: 3/4 levels left

rFire    . . .     SeeInvis .   (no weapon)
rCold    . . .     Gourm    .   (no shield)
rNeg     . . .     Faith    .   a - +0 robe
rPois    .         Spirit   .   (no helmet)
rElec    .         Reflect  .   (no cloak)
rCorr    .         Harm     .   (no gloves)
MR       .....                  (no barding)
Stlth    +.........             (no amulet)
HPRegen  0.06/turn              h - -4 ring of strength (curse)
MPRegen  0.09/turn              (no ring)

@: slowed
A: large, hooves 3, deformed body, speed 2, tough skin 3
a: no special abilities


You were on level 4 of the Dungeon.
You were not hungry.

You visited 1 branch of the dungeon, and saw 4 of its levels.

You collected 48 gold pieces.

Inventory:

Armour
 a - a +0 robe (worn)
Jewellery
 h - a cursed -4 ring of strength (left hand)
Scrolls
 f - a scroll of teleportation {unknown}
 g - a scroll of identify {unknown}
Potions
 b - a potion of curing
 d - a potion of brilliance {unknown}
 e - a potion of cancellation {unknown}
Comestibles
 c - a ration


   Skills:
 - Level 1.3 Dodging
 - Level 1.1 Stealth
 + Level 1.8 Spellcasting
 * Level 1.7 Conjurations
 * Level 3.1 Fire Magic


You had 3 spell levels left.
You knew the following spells:

 Your Spells              Type           Power        Failure   Level  Hunger
a - Flame Tongue          Conj/Fire      #....        9%          1    ##.....

Your spell library contained the following spells:

 Spells                   Type           Power        Failure   Level  Hunger
 Fireball                 Conj/Fire      #.........   94%         5    ######.
 Conjure Flame            Conj/Fire      #.......     26%         3    ####...
 Throw Flame              Conj/Fire      #.....       13%         2    ###....
 Sticky Flame             Conj/Fire      #.......     65%         4    #####..
 Inner Flame              Hex/Fire       #.......     36%         3    ####...


Dungeon Overview and Level Annotations

Branches:
Dungeon (4/15)
 Temple: D:4-7

Altars:


Innate Abilities, Weirdness & Mutations

You have hooves in place of feet.
Armour fits poorly on your strangely shaped body.
You cover ground very quickly.
You have extremely tough skin. (AC +3)


Message History

Unknown command.
Casting: Flame Tongue (safe; 9% risk of failure)
Confirm with . or Enter, or press ? or * to list all spells.
Aiming: Flame Tongue (safe; 9% risk of failure)
Press: ? - help, Shift-Dir - straight line, f - ball python
Aim: a ball python The flame tongue hits the ball python.
You kill the ball python!
The orc hits you with a trident.
Unknown command.
Casting: Flame Tongue (safe; 9% risk of failure)
Confirm with . or Enter, or press ? or * to list all spells.
Aiming: Flame Tongue (safe; 9% risk of failure)
Press: ? - help, Shift-Dir - straight line, f - orc
Aim: an orc, wielding a trident The flame tongue hits the orc.
The orc is heavily wounded.
The orc hits you with a trident!
Ouch! That really hurt!
You die...

... ### #.#.#
... .....##
#.# #.#.#.#
.........#
..#.#w#.#.#.#
......sa....#
#o#.#.#
##@...#
######


You could see a worm, a worker ant, an orc and a giant cockroach.

Vanquished Creatures
  A gnoll (D:1)
  A dart slug (D:1)
  A giant cockroach (D:1)
  A hobgoblin (D:1)
  A jackal (D:2)
  A kobold (D:1)
  A ball python (D:4)
  3 bats
  A frilled lizard (D:1)
  2 goblins (D:1)
  3 rats (D:1)
16 creatures vanquished.

Notes
Turn   | Place    | Note
-------+----------+-------------------------------------------
     0 | D:1      | 4thArraOfDagon the Centaur Fire Elementalist began the quest for the Orb.
     0 | D:1      | Reached XP level 1. HP: 14/14 MP: 3/3
    20 | D:1      | Reached skill level 1 in Conjurations
    54 | D:1      | Reached skill level 3 in Fire Magic
    54 | D:1      | Reached XP level 2. HP: 19/20 MP: 0/4
   422 | D:4      | Slain by an orc

Vault maps used:
D:1:      dpeg_arrival_tiny_k
D:3:      lemuel_crystal_altar, portal_sewer_entry_d, kennysheep_generic_room_4
D:4:      chequers_temple_overflow_minitemple, minmay_temple_entry_butterflies,
          serial_bayou_pond_a, st_stairs_9, uniq_eustachio, uniq_robin

Skill      XL: |  1 |
---------------+----+-----
Conjurations   | 1 |  1.7
Fire Magic     | 3 |  3.1
Dodging        | |  1.3
Stealth        | |  1.1
Spellcasting   | |  1.8

Action                   || total
-------------------------++-------
Melee: Unarmed           ||    18
       Kick              ||     2
 Cast: Flame Tongue      ||    22
  Use: Potion            ||     1
Armor: Robe              ||    15
Dodge: Dodged            ||    20

Table legend:
 A = Spawn XP
 B = Non-spawn XP
 C = Spawn XP percentage of total XP
 D = Spawn monster count
 E = Non-spawn monster count
 F = Spawn count percentage of total count
 G = Total turns spent on level
                    A         B        C        D         E        F      G
               +---------+---------+-------+---------+---------+-------+---------
         Total |       0 |      37 |   0.0 |       0 |      16 |   0.0 |   422
               +---------+---------+-------+---------+---------+-------+---------
           D:1 |       0 |      33 |   0.0 |       0 |      13 |   0.0 |   366
           D:2 |       0 |       3 |   0.0 |       0 |       2 |   0.0 |    45
           D:4 |       0 |       1 |   0.0 |       0 |       1 |   0.0 |     4
               +---------+---------+-------+---------+---------+-------+---------
